[Event "Late-Titled-Tuesday-Blitz-December-26-2023"]
[Site "Chess.com"]
[Date "2023.12.26"]
[Round "8"]
[White "FrenchHarvey"]
[Black "Korchmar_Vasiliy"]
[Result "1-0"]
[WhiteElo "2654"]
[BlackElo "2787"]
[TimeControl "180+1"]
[EndTime "15:26:59 PST"]
[Termination "FrenchHarvey won on time"]

1. d4 Nf6 2. Nf3 d5 3. Bf4 c5 4.
e3 Nc6 5. Nbd2 cxd4 6. exd4 Qb6 7. Nb3 Bg4 8. Be2 e6 9. O-O Be7 10. c3 O-O 11. Ne5 Bxe2 12. Qxe2 Rac8 13. Bg5 Rfe8 14. Bxf6 Bxf6 15. Nd7 Qd8 16. Nxf6+ Qxf6 17. a4 Re7 18. f4 Rec7 19. Rae1 Ne7 20. f5 Nxf5 21. g4 Nxd4 22. Nxd4 Qg6 23. Kh1 Rc4 24. h3 h6 25.
Rf3 a6 26. Qd3 Qxd3 27. Rxd3 Rxa4 28. Rf3 b5 29. Ref1 Rc7 30. R1f2 b4 31. Kg2 Rb7 32.
b3 Ra3 33. cxb4 e5 34. Nf5 e4 35. Rc3 Rxb4 36. Ne7+ Kh7 37. Nxd5 Rbxb3 38. Rxb3 Rxb3 39. Rxf7 Rd3 40. Rd7 a5 41. h4 a4 42. h5 Kg8 43.
Ne7+ Kf7 44. Ra7 a3 45. Nf5+ Kf6 46. Nxg7 Kg5 47. Ra4 Re3 48. Nf5 Re2+ 49. Kf1 Rd2 50. Rxa3 1-0

[Event "Late-Titled-Tuesday-Blitz-December-26-2023"]
[Site "Chess.com"]
[Date "2023.12.26"]
[Round "8"]
[White "Fradi82"]
[Black "ChessLebaneseSalah"]
[Result "0-1"]
[WhiteElo "2306"]
[BlackElo "2432"]
[TimeControl "180+1"]
[EndTime "15:27:01 PST"]
[Termination "ChessLebaneseSalah won by resignation"]

1. e4 c5 2. Nf3 d6 3. d4 cxd4 4. Nxd4 Nf6 5. Nc3 Nc6 6. f3 e5 7.
Nb3 Be6 8. Be3 d5 9. exd5 Nxd5 10. Nxd5 Qxd5 11. Qxd5 Bxd5 12. O-O-O O-O-O 13. Be2 Be7 14. Kb1 f5 15. Nc5 g5 16. Bb5 h5 17. Bxc6 Bxc6 18. Ne6 Rxd1+ 19. Rxd1 g4 20. Re1 gxf3 21. gxf3 Bh4 22. Rf1 b6 23. Bg5 Bxg5 24. Nxg5 Rg8 25. h4 Re8 26. b3 e4 27. fxe4 fxe4 28. Re1 e3 29. Kb2 Bd7 30. Kc3 Bg4 31. Kd4 e2 32. Kd3 Kb7 33. Kc3 Bf5 34. Nf3 Rc8+ 35. Kb4 a5+ 36. Ka3 Bg4 37. Nd4 Ka6 38. c4 Rd8 39. Rxe2 Rxd4 40. Re7 Rd1 41. Re8 Rh1 42. Ra8+ Kb7 43. Rf8 Rxh4 44. Rf7+ Ka6 45. Rf6 Ka7 46.
Rf7+ Kb8 47. Rf6 Kc7 48. Rf7+ Bd7 49. Rf6 Rd4 50. Rh6 h4 51. Kb2 h3 52. Kc3 Rf4 53. a4 Rf3+ 54. Kd4 Rxb3 55. Kd5 Rd3+ 56. Ke4 Ra3 57. Kd5 Rxa4 58. Rh7 Ra1 59. Kd4 Rd1+ 60. Ke5 a4 61. Rh4 a3 62. Kf4 Rd4+ 63. Kg3 Rxh4 0-1

[Event "Late-Titled-Tuesday-Blitz-December-26-2023"]
[Site "Chess.com"]
[Date "2023.12.26"]
[Round "8"]
[White "SocoLoco"]
[Black "Inepton_Fermion"]
[Result "1-0"]
[WhiteElo "2138"]
[BlackElo "2396"]
[TimeControl "180+1"]
[EndTime "15:27:05 PST"]
[Termination "SocoLoco won on time"]

1. e4 g6 2. d3 Bg7 3. c3 d5 4.
Qc2 dxe4 5. dxe4 Nf6 6. h3 O-O 7. Nf3 c5 8. Be2 b6 9. Bg5 Bb7 10. Nbd2 Nc6 11. O-O Qc7 12. Rfe1 Ne5 13. Kh1 Nxf3 14.
Bxf3 Rad8 15. Rad1 Rd7 16. Nf1 Rfd8 17. Rxd7 Rxd7 18.
Ne3 Qe5 19. Bxf6 Bxf6 20. Ng4 Qf4 21. Nxf6+ exf6 22. Qa4 Qd6 23. Rd1 Qc6 24. Qxc6 Bxc6 25. Rxd7 Bxd7 26. Kg1 Kf8 27. Kf1 Ke7 28. Ke2 Kd6 29.
Ke3 Ke5 30. Be2 g5 31. g3 f5 32. f4+ gxf4+ 33. gxf4+ Kd6 34. e5+ Ke7 35. Bf3 f6 36. Bd5 1-0

[Event "Late-Titled-Tuesday-Blitz-December-26-2023"]
[Site "Chess.com"]
[Date "2023.12.26"]
[Round "8"]
[White "PawnEatingZombie"]
[Black "maurovargas01"]
[Result "1-0"]
[WhiteElo "2102"]
[BlackElo "1831"]
[TimeControl "180+1"]
[EndTime "15:27:05 PST"]
[Termination "PawnEatingZombie won on time"]

1. e4 d5 2. exd5 Qxd5 3. Nc3 Qa5 4. Nf3 c6 5. Be2 Nf6 6. O-O Bf5 7. b4 Qc7 8. b5 e5 9. Re1 Bc5 10. Bc4 O-O 11. Nxe5 Nbd7 12. d4 Nxe5 13. Rxe5 Bxd4 14. Qxd4 Rad8 15. b6 axb6 16. Qxd8 Qxe5 17. Qd2 b5 18.
Bd3 Rd8 19. Bb2 c5 20. Qe1 Qf4 21. Nxb5 Re8 22. Qd1 Ng4 23. Qxg4 Bxg4 24. h3 Bd7 25.
Nc3 1-0

[Event "Late-Titled-Tuesday-Blitz-December-26-2023"]
[Site "Chess.com"]
[Date "2023.12.26"]
[Round "8"]
[White "Bryanl106"]
[Black "Abduzhaparov"]
[Result "1-0"]
[WhiteElo "2558"]
[BlackElo "2389"]
[TimeControl "180+1"]
[EndTime "15:27:07 PST"]
[Termination "Bryanl106 won on time"]

1. e4 d6 2. d4 Nf6 3. Nc3 e5 4. Nf3 exd4 5. Nxd4 Be7 6. Be2 O-O 7. Be3 Re8 8. f3 d5 9. e5 Nfd7 10. e6 Nf6 11.
exf7+ Kxf7 12. Bf2 c5 13. Nb3 d4 14. Ne4 Nxe4 15.
fxe4 Kg8 16. Bc4+ Kh8 17. O-O Bf8 18. Qf3 Nc6 19. Bg3 Be6 20. Bxe6 Rxe6 21. e5 Qe7 22. Rae1 Re8 23. Nd2 Kg8 24. Nc4 Qd7 25. a4 h6 26.
c3 a6 27. a5 Qc7 28. Nd6 Bxd6 29. exd6 Qd7 30. Rxe6 Rxe6 31. Qf8+ Kh7 32. Qf5+ Kg8 33. Qxc5 dxc3 34. Qxc3 Kh7 35. Qc2+ Kg8 36. Qf5 Nd4 37. Qf8+ Kh7 38. Rf7 Ne2+ 39. Kf2 Rf6+ 40. Rxf6 Nxg3 41. hxg3 Qg4 42. Rxh6+ gxh6 43. Qf7+ Kh8 44. Qf6+ Kh7 45. Qe7+ Kh8 46. Qe5+ Kh7 47. Qf4 Qe6 48. Qf8 Qg4 49. Qe7+ 1-0

[Event "Late-Titled-Tuesday-Blitz-December-26-2023"]
[Site "Chess.com"]
[Date "2023.12.26"]
[Round "8"]
[White "Gyulamiryan-koryun"]
[Black "miraitrunks"]
[Result "0-1"]
[WhiteElo "2006"]
[BlackElo "2074"]
[TimeControl "180+1"]
[EndTime "15:27:12 PST"]
[Termination "miraitrunks won on time"]

1. e4 e6 2. d4 d5 3. Nd2 dxe4 4. Nxe4 Bd7 5. Nf3 Bc6 6. Bd3 Nf6 7. Nxf6+ Qxf6 8.
Be2 h6 9. O-O Bd6 10. c3 Nd7 11. h3 O-O 12. Nh2 Rad8 13. Ng4 Qg6 14. Bd3 f5 15. Ne3 Bf4 16. g4 h5 17. f3 hxg4 18.
fxg4 Qh6 19. Ng2 Bxc1 20. Rxc1 Qxh3 21. Qc2 fxg4 22. Bh7+ Qxh7 23. Rxf8+ Rxf8 24. Qxh7+ Kxh7 25. Re1 g3 26. Rxe6 Rf2 27. Nh4 Rxb2 28. Re1 Rxa2 29. c4 Nf6 30. d5 Bd7 31. Nf3 Kh6 32. Ne5 Bh3 33. Nf7+ Kg6 34. Ne5+ Kh5 35. Nd3 Rg2+ 36.
Kh1 Rd2 37. Nf4+ Kg4 38. Ng6 Bg2+ 39. Kg1 Be4 40. Ne5+ Kh3 0-1

[Event "Late-Titled-Tuesday-Blitz-December-26-2023"]
[Site "Chess.com"]
[Date "2023.12.26"]
[Round "8"]
[White "SmirnovTimofey2000"]
[Black "Dewarfd"]
[Result "0-1"]
[WhiteElo "1997"]
[BlackElo "2115"]
[TimeControl "180+1"]
[EndTime "15:27:13 PST"]
[Termination "Dewarfd won on time"]

1. d4 d5 2. Bf4 e6 3. e3 Bd6 4.
Bg3 c5 5. c3 Nf6 6. Nd2 O-O 7. Ngf3 b6 8. Bd3 Ba6 9. Bxa6 Nxa6 10.
Ne5 Nb8 11. Ndf3 Ne4 12. O-O Nxg3 13. hxg3 Bxe5 14. Nxe5 Nd7 15. Nxd7 Qxd7 16. Qd3 Rfe8 17. f4 cxd4 18. cxd4 b5 19. Rfc1 Rec8 20. b4 Rc4 21.
Kf2 Rac8 22. Rh1 Rc2+ 23. Kf3 g6 24. g4 a6 25. Rh6 R8c3 26. Qd1 f6 27. Qh1 e5 28.
dxe5 fxe5 29. Re1 exf4 30. Kxf4 Qf7+ 31. Kg3 d4 32. Rf1 Rxe3+ 33. Kh2 Rf2 34. Rxf2 Qxf2 35.
Qc1 Qf4+ 36. g3 Re2+ 0-1

[Event "Late-Titled-Tuesday-Blitz-December-26-2023"]
[Site "Chess.com"]
[Date "2023.12.26"]
[Round "8"]
[White "IranianCheetah"]
[Black "Slovak_fighter2000"]
[Result "1-0"]
[WhiteElo "2365"]
[BlackElo "2474"]
[TimeControl "180+1"]
[EndTime "15:27:14 PST"]
[Termination "IranianCheetah won by resignation"]

1. e4 c5 2. Nf3 Nc6 3. d4 cxd4 4. Nxd4 g6 5. c4 Nf6 6. Nc3 Nxd4 7. Qxd4 d6 8. Be2 Bg7 9. Be3 O-O 10. Qd2 Bd7 11.
O-O Bc6 12. f3 a5 13. b3 Nd7 14. Rac1 Nc5 15. Rfd1 Qb6 16. Nb5 Bxb5 17. cxb5 Rfc8 18. a3 Qd8 19. Bc4 Qe8 20. b6 Nd7 21. Qd5 Rab8 22.
Qxa5 Ne5 23. Bb5 Qd8 24. Rc7 Bf6 25. Rdc1 Kg7 26. Kh1 h5 27. a4 g5 28. Qd2 g4 29. f4 Ng6 30. g3 Qh8 31. e5 dxe5 32. f5 Nf8 33. Rxc8 Rxc8 34. Rxc8 h4 35. Bh6+ Qxh6 36.
Qxh6+ Kxh6 37. Rxf8 hxg3 38. hxg3 Kg5 39. Bd3 e4 40. Bxe4 1-0

[Event "Late-Titled-Tuesday-Blitz-December-26-2023"]
[Site "Chess.com"]
[Date "2023.12.26"]
[Round "8"]
[White "AsaHoffmann"]
[Black "Pertinhez76"]
[Result "0-1"]
[WhiteElo "2341"]
[BlackElo "2103"]
[TimeControl "180+1"]
[EndTime "15:27:16 PST"]
[Termination "Pertinhez76 won by resignation"]

1. d4 Nf6 2. Bg5 c6 3. Nc3 d5 4. f3 Qb6 5. Rb1 Nbd7 6. e4 e5 7. dxe5 Nxe5 8. Bxf6 gxf6 9. exd5 Bb4 10. dxc6 bxc6 11. Bd3 Be6 12. Ne2 Rd8 13. a3 Bc5 14.
Ne4 Be7 15. Nf2 Bc5 16. O-O Rg8 17. Ng3 h5 18. b4 Bd4 19. Nxh5 Ke7 20. Nf4 Rg7 21.
Nxe6 fxe6 22. g3 f5 23. Kg2 Qb7 24. Qe2 Kf6 25. Rbc1 c5 26. c3 Bxf2 27. Ba6 Rd2 28. Bxb7 Rxe2 29. Rxf2 Rxf2+ 30. Kxf2 Nd3+ 31. Ke3 Nxc1 32. bxc5 Rxb7 33. h4 Rc7 34. Kd4 Na2 35. Kc4 e5 36. h5 Nxc3 37. Kxc3 Rxc5+ 38. Kd3 Ra5 39. Kc4 Rxa3 40. g4 Rxf3 41. h6 Kg6 42. gxf5+ Kxh6 43. Kd5 Rxf5 44. Ke4 Rh5 45. Kf3 a5 0-1

[Event "Late-Titled-Tuesday-Blitz-December-26-2023"]
[Site "Chess.com"]
[Date "2023.12.26"]
[Round "8"]
[White "Smile2005"]
[Black "Bala-Afiada"]
[Result "0-1"]
[WhiteElo "2334"]
[BlackElo "2032"]
[TimeControl "180+1"]
[EndTime "15:27:16 PST"]
[Termination "Bala-Afiada won by checkmate"]

1. e4 c5 2. Nf3 Nc6 3. d4 cxd4 4. Nxd4 Nf6 5. Nc3 d6 6. Be2 e6 7. O-O Be7 8. f4 O-O 9. Be3 e5 10. fxe5 dxe5 11. Nxc6 bxc6 12. Qe1 Be6 13. Qg3 Qa5 14. Bg5 Kh8 15. Rad1 Qb4 16. Qxe5 Qxb2 17. Bxf6 Bxf6 18. Rxf6 gxf6 19. Qxf6+ Kg8 20. Rd3 Qc1+ 21. Nd1 Rfe8 22. Bh5 Qxc2 23. Rd7 Qc5+ 24. Nf2 Qxh5 25. g4 Qg6 26.
Qd4 Bxd7 27. Qxd7 Rad8 28. Qc7 Qd6 29. Qxa7 Rd7 30. Qe3 Rde7 31. Qg5+ Qg6 32. Qf4 Rxe4 33. Nxe4 Rxe4 34. Qb8+ Kg7 35. Qb2+ Qf6 36. Qg2 Re1+ 37. Qf1 Qxf1# 0-1

[Event "Late-Titled-Tuesday-Blitz-December-26-2023"]
[Site "Chess.com"]
[Date "2023.12.26"]
[Round "8"]
[White "liczner"]
[Black "NoHeThTo"]
[Result "1/2-1/2"]
[WhiteElo "2931"]
[BlackElo "2705"]
[TimeControl "180+1"]
[EndTime "15:27:18 PST"]
[Termination "Game drawn by agreement"]

1. e4 c5 2. Nf3 g6 3. d4 cxd4 4. Nxd4 Bg7 5. Be2 Nc6 6. Nb3 Nf6 7. Nc3 O-O 8. O-O d6 9. Re1 Be6 10. Bf1 a6 11. Nd5 Rc8 12. c3 Re8 13. Bg5 Na5 14.
Nxf6+ exf6 15. Bf4 Nxb3 16. axb3 d5 17. exd5 Qxd5 18. Qxd5 Bxd5 19. b4 Bc6 20. f3 f5 21.
Kf2 Bf6 22. Rxe8+ Rxe8 23. Re1 Rxe1 24. Kxe1 Kf8 25. Bd6+ Ke8 26. Bc4 Bg5 27. Be5 Be3 28.
Ke2 Bb6 29. Kd3 Ke7 30. Ba2 f6 31. Bd4 Bc7 32. Bc5+ Ke8 33. h3 b5 34. Bd4 Ke7 35. Ke2 h5 36. Bb1 Ke6 37. Bd3 Bd5 38. Bc2 g5 39. b3 g4 40. Ke3 Bg3 41. Ke2 Bf4 42.
Be3 Ke5 43. Bd4+ Ke6 44. Be3 1/2-1/2

[Event "Late-Titled-Tuesday-Blitz-December-26-2023"]
[Site "Chess.com"]
[Date "2023.12.26"]
[Round "8"]
[White "djano"]
[Black "a-z30"]
[Result "1-0"]
[WhiteElo "2658"]
[BlackElo "2521"]
[TimeControl "180+1"]
[EndTime "15:27:18 PST"]
[Termination "djano won on time"]

1. e4 d6 2. Nc3 Nf6 3. f4 g6 4. Nf3 Bg7 5. Bc4 O-O 6. d3 c6 7. Bb3 Na6 8. O-O Nc5 9. Qe1 a5 10. e5 Ne8 11. d4 Nxb3 12. axb3 Nc7 13. Ne4 d5 14. Ng3 e6 15. Rxa5 Bd7 16. Bd2 b6 17.
Ra1 c5 18. c3 Bb5 19. Rf2 Qd7 20.
Ra3 Bc6 21. h4 Nb5 22. Rxa8 Rxa8 23. h5 Ra2 24. Qb1 Qa7 25. Rf1 Bf8 26. Kh2 c4 27.
b4 Qa4 28. hxg6 hxg6 29. Ng5 Qb3 30. Qe1 Qxb2 31. Rf2 Ra1 32. Qe3 Qb1 33. f5 Qd3 34. Qxd3 cxd3 35. fxe6 fxe6 36. Rf6 Ra2 37. Rxg6+ Kh8 38.
Nf1 Rc2 39. Nxe6 Be7 40. Rg7 Bh4 41. Kh3 Bf2 42. Rf7 1-0

[Event "Late-Titled-Tuesday-Blitz-December-26-2023"]
[Site "Chess.com"]
[Date "2023.12.26"]
[Round "8"]
[White "Championnn-9"]
[Black "IlanSchnaider"]
[Result "0-1"]
[WhiteElo "2511"]
[BlackElo "2680"]
[TimeControl "180+1"]
[EndTime "15:27:20 PST"]
[Termination "IlanSchnaider won by resignation"]

1. c4 Nf6 2. g3 g6 3. Bg2 Bg7 4. Nf3 O-O 5. O-O d5 6. cxd5 Nxd5 7.
Nc3 Nc6 8. Qa4 e5 9. d3 Nb6 10. Qh4 Qxh4 11. Nxh4 Be6 12. Be3 f5 13. Nf3 h6 14.
Nd2 f4 15. Bc5 Rfd8 16. Rac1 fxg3 17. hxg3 Rab8 18. Nb5 Rd7 19. Bxc6 bxc6 20. Nxa7 Ra8 21. Nxc6 Rxa2 22. Ba3 Bf8 23. Nxe5 Bxa3 24. Nxd7 Nxd7 25.
Rc6 Bd6 26. Ne4 Bd5 27. Rxd6 cxd6 28. Nc3 Rxb2 29. Nxd5 Rxe2 30. Rc1 Ne5 31. Kf1 Rxf2+ 32. Kxf2 Nxd3+ 33. Ke3 Nxc1 34. Nc3 Nb3 35. Ke4 Nd2+ 36.
Kd5 Nf1 37. Ne4 Kg7 38. Kxd6 g5 39. Ke6 Kg6 40. g4 Ne3 41. Nf2 h5 42. gxh5+ Kxh5 43.
Ke5 Ng4+ 44. Nxg4 Kxg4 45. Ke4 Kh3 46. Ke3 g4 47. Kf2 Kh2 48. Ke3 g3 49. Kf4 g2 50.
Kg4 g1=Q+ 51. Kh4 Qg3+ 52. Kh5 Kg2 53. Kh6 Kf3 54. Kh7 Qg5 55. Kh8 Kf4 56. Kh7 Kf5 57. Kh8 Kf6 0-1

[Event "Late-Titled-Tuesday-Blitz-December-26-2023"]
[Site "Chess.com"]
[Date "2023.12.26"]
[Round "8"]
[White "WindWhistler11"]
[Black "Sanyura"]
[Result "0-1"]
[WhiteElo "2491"]
[BlackElo "2615"]
[TimeControl "180+1"]
[EndTime "15:27:21 PST"]
[Termination "Sanyura won on time"]

1. Nf3 Nf6 2. c4 g6 3. g3 Bg7 4. Bg2 O-O 5. O-O d6 6. Nc3 Nbd7 7. Rb1 e5 8. b4 a5 9. b5 Nc5 10. a4 h6 11. Ba3 e4 12. Nd4 Re8 13. Nc2 Be6 14. Ne3 Bf5 15. Qc2 Qd7 16. Nxf5 Qxf5 17. f3 Qe6 18. Bxc5 exf3 19. Bxf3 dxc5 20. Bxb7 Rad8 21. Bc6 Re7 22. Nd5 Nxd5 23. Bxd5 Qxe2 24. Kh1 Qh5 25. Rf2 Bd4 26. Rg2 Kg7 27. Rf1 Qe5 28. Qd3 f5 29. Qf3 h5 30. h3 Rde8 31. g4 hxg4 32. Qd3 Rh8 33. Rg3 gxh3 0-1

[Event "Late-Titled-Tuesday-Blitz-December-26-2023"]
[Site "Chess.com"]
[Date "2023.12.26"]
[Round "8"]
[White "karinachess1"]
[Black "Kapitan_Bayan"]
[Result "1-0"]
[WhiteElo "2565"]
[BlackElo "2344"]
[TimeControl "180+1"]
[EndTime "15:27:22 PST"]
[Termination "karinachess1 won on time"]

1. d4 d5 2. c4 dxc4 3. e3 Nf6 4. Bxc4 e6 5. Nf3 c5 6. O-O a6 7. Qe2 b5 8. Bb3 Nbd7 9. Rd1 Bb7 10. a4 c4 11. Bc2 Be7 12. e4 Nb6 13. Nbd2 O-O 14.
Nf1 Rc8 15. a5 Na4 16. Ng3 Qxa5 17. Bg5 Qd8 18. e5 Nd5 19. Qe4 g6 20. Qh4 Nxb2 21. Re1 Nd3 22. Red1 N3f4 23. Ne4 Nh5 24. g4 Bxg5 25. Nfxg5 h6 26. gxh5 hxg5 27. Nxg5 Kg7 28. h6+ Kh8 29. Be4 c3 30. Rdc1 b4 31. Bc2 Ne7 32. Bb3 Nf5 33. Qf4 Bd5 34. Bxd5 Qxd5 35. Rxa6 b3 36. Rd6 Qb5 37. Ne4 b2 38. Rf1 c2 39.
Qg5 1-0

[Event "Late-Titled-Tuesday-Blitz-December-26-2023"]
[Site "Chess.com"]
[Date "2023.12.26"]
[Round "8"]
[White "AlexanderL"]
[Black "jefferyx"]
[Result "0-1"]
[WhiteElo "2888"]
[BlackElo "3024"]
[TimeControl "180+1"]
[EndTime "15:27:24 PST"]
[Termination "jefferyx won by resignation"]

1. e4 c5 2. d4 cxd4 3. c3 e6 4. cxd4 d5 5. e5 Nc6 6. Nf3 Nge7 7. Bd3 Nf5 8. Bxf5 exf5 9. O-O Be7 10. Nc3 Be6 11.
Ne2 g5 12. Ne1 f4 13. Bd2 Bf5 14. Rc1 Qd7 15. Bc3 Nd8 16. Nd3 Ne6 17. Qd2 Rc8 18. Rfd1 O-O 19. f3 Qb5 20. Nf2 f6 21. exf6 Bxf6 22.
Ng4 Bg7 23. Ne5 Rfe8 24. Re1 Red8 25. g4 Bg6 26. Nxg6 hxg6 27. Kg2 Kf7 28. Ng1 Bf6 29. Rcd1 Rh8 30. Re2 Rce8 31. Rde1 Nd8 32. Rxe8 Rxe8 33. Rxe8 Qxe8 34. h4 gxh4 35. Qxf4 Ne6 36. Qd6 Qc6 37. Qxc6 Nf4+ 38. Kh2 bxc6 39. b4 g5 40. a4 Kg6 41.
Kh1 Be7 42. Kh2 a6 43. Kh1 Nd3 44. Ne2 Bxb4 45. Bxb4 Nxb4 46. Kg2 Nd3 47. Kh3 Kf6 48. a5 Ke6 49. Nc3 Ne1 50. f4 gxf4 51. Na4 f3 52.
Nc5+ Kd6 0-1

[Event "Late-Titled-Tuesday-Blitz-December-26-2023"]
[Site "Chess.com"]
[Date "2023.12.26"]
[Round "8"]
[White "Fan_Of_Chucky"]
[Black "Viktor_Poddubnyi"]
[Result "1-0"]
[WhiteElo "2467"]
[BlackElo "2297"]
[TimeControl "180+1"]
[EndTime "15:27:25 PST"]
[Termination "Fan_Of_Chucky won on time"]

1. d4 g6 2. c4 Bg7 3. Nf3 c5 4. d5 f5 5. g3 d6 6. Bg2 Nf6 7. O-O O-O 8. Nc3 h6 9. h4 Nbd7 10. Qc2 Ng4 11. e4 Nde5 12. Nxe5 Nxe5 13. b3 fxe4 14.
Bxe4 Nf3+ 15. Bxf3 Rxf3 16. Bb2 Bf5 17. Qd2 Qf8 18.
Ne2 Bxb2 19. Qxb2 Bh3 20. Qd2 Bxf1 21. Rxf1 Qf5 22. Qxh6 Rf8 23. Nf4 Rxf4 24. Qxf4 Qxf4 25. gxf4 Rxf4 26. Kg2 Rxh4 27. f3 Rd4 28. Rf2 Kf7 29. Kg3 e5 30. dxe6+ Kxe6 31. Re2+ Kf7 32. Rh2 Kg7 33. f4 d5 34. cxd5 Rxd5 35. Kf3 Rd3+ 36. Ke4 Rd1 37. Re2 Kf6 38. Rh2 Rd7 39. Rh8 b6 40. Rf8+ 1-0

[Event "Late-Titled-Tuesday-Blitz-December-26-2023"]
[Site "Chess.com"]
[Date "2023.12.26"]
[Round "8"]
[White "ccccvhhhj"]
[Black "Zampronha1971"]
[Result "1-0"]
[WhiteElo "2502"]
[BlackElo "2338"]
[TimeControl "180+1"]
[EndTime "15:27:28 PST"]
[Termination "ccccvhhhj won on time"]

1. e4 c5 2. Nf3 e6 3. b4 d5 4. e5 d4 5. bxc5 Bxc5 6. Bd3 Nc6 7.
c3 Nge7 8. O-O dxc3 9. dxc3 Ng6 10. Qe2 Qc7 11. Re1 O-O 12. Na3 a6 13. h4 Rd8 14.
h5 Ngxe5 15. Bc2 Nxf3+ 16. Qxf3 b5 17. h6 Bf8 18. hxg7 Bxg7 19. Be4 Bb7 20. Nc2 f5 21.
Bxc6 Bxc6 22. Qh3 Bd5 23. Bg5 Re8 24. Ne3 Qxc3 25. Rac1 Qb2 26. Rc7 Rac8 27. Rec1 Qxc1+ 28. Rxc1 Rxc1+ 29. Kh2 Be5+ 30. f4 Bg7 31. Nxd5 exd5 32. Qxf5 Rce1 33. Qxd5+ Kh8 34. Qc6 Rf8 35. Qxa6 h6 36.
Bxh6 Rg8 37. Bg5 Ree8 38. Qg6 Rgf8 39. f5 Re5 40. f6 Rxg5 41. Qxg5 1-0

[Event "Late-Titled-Tuesday-Blitz-December-26-2023"]
[Site "Chess.com"]
[Date "2023.12.26"]
[Round "8"]
[White "Elsa167"]
[Black "GMKrikor"]
[Result "0-1"]
[WhiteElo "2962"]
[BlackElo "2827"]
[TimeControl "180+1"]
[EndTime "15:27:33 PST"]
[Termination "GMKrikor won on time"]

1. d4 Nf6 2. c4 g6 3. Nc3 d5 4. Nf3 Bg7 5. Bg5 dxc4 6. e4 c5 7. d5 b5 8. d6 Bb7 9. e5 Ne4 10. Nxe4 Bxe4 11. Qe2 Bd3 12. Qd2 Qd7 13. Bxd3 cxd3 14.
Qxd3 exd6 15. exd6 O-O 16. O-O c4 17. Qd5 Nc6 18.
Qxb5 Qxd6 19. Rad1 Qe6 20. Rfe1 Qc8 21. Rd6 Nb8 22.
Rc1 a6 23. Qd5 Ra7 24. Rxc4 Rc7 25. b3 Rxc4 26. bxc4 Re8 27. c5 Bf8 28. Ne5 Qf5 29. f4 Bxd6 30. cxd6 Nd7 31. Be7 Nxe5 32. fxe5 Qd7 33.
Bf6 h6 34. h3 Kh7 35. Kh2 Rc8 36. Qd3 a5 37. Qd5 Rc2 38. Qxa5 Qc6 0-1

[Event "Late-Titled-Tuesday-Blitz-December-26-2023"]
[Site "Chess.com"]
[Date "2023.12.26"]
[Round "8"]
[White "Maitreia"]
[Black "nickmatta"]
[Result "1-0"]
[WhiteElo "2726"]
[BlackElo "2531"]
[TimeControl "180+1"]
[EndTime "15:27:33 PST"]
[Termination "Maitreia won by resignation"]

1. c4 Nf6 2. Nc3 g6 3. g3 Bg7 4. Bg2 O-O 5. Nf3 d6 6. O-O e5 7. d3 Nc6 8. Rb1 Bf5 9. b4 e4 10. Nh4 exd3 11. Nxf5 dxe2 12. Nxe2 gxf5 13. b5 Na5 14.
Nd4 Qd7 15. Qc2 Ne4 16. Bb2 Rfe8 17. Rfe1 d5 18. cxd5 Qxd5 19. Rbd1 Qc4 20. Qb1 Nxf2 21. Nxf5 Nxd1 22. Rxd1 Qc5+ 23. Kh1 Bxb2 24. Nh6+ Kf8 25. Qxb2 Qe5 26. Qb4+ Kg7 27. Ng4 Qg5 28. h4 Qg6 29.
Qc3+ Kf8 30. Nf6 Re6 31. Nd7+ Kg8 32. Qxa5 Qxg3 33. Qd2 Qxh4+ 34. Kg1 Rae8 35. Qf2 Re1+ 36. Rxe1 Rxe1+ 37. Bf1 Qg4+ 38. Qg2 Qxg2+ 39. Kxg2 Ra1 40. Bc4 Rc1 41. Bb3 Kg7 42. Ne5 f6 43. Nd3 Rc3 44. Nf4 Rc5 45. Ne6+ 1-0

[Event "Late-Titled-Tuesday-Blitz-December-26-2023"]
[Site "Chess.com"]
[Date "2023.12.26"]
[Round "8"]
[White "GothamChess"]
[Black "GiorgianBarbosa"]
[Result "1-0"]
[WhiteElo "2677"]
[BlackElo "2504"]
[TimeControl "180+1"]
[EndTime "15:27:34 PST"]
[Termination "GothamChess won on time"]

1. e4 c5 2. Nc3 g6 3. d4 cxd4 4. Qxd4 Nf6 5. Nf3 Nc6 6. Qd3 d6 7. Bg5 Bg7 8. Be2 O-O 9. O-O Qa5 10. a3 Bg4 11. Bd2 Ne5 12. Nxe5 Qxe5 13. f3 Be6 14. f4 Qc5+ 15. Be3 Qc7 16. f5 Bd7 17. g4 Bc6 18. Qc4 Rac8 19. g5 Nd7 20. Rf2 Ne5 21.
Qb3 b6 22. Raf1 Qb7 23. f6 exf6 24. gxf6 Bh8 25. Rf4 Rce8 26. Bb5 Re6 27. Nd5 Bxd5 28. exd5 Ree8 29. Bxe8 Rxe8 30. Bd4 Qd7 31. Kh1 h6 32.
Qg3 Qb5 33. Qg2 Kh7 34. b3 Qa5 35.
a4 b5 36. axb5 Qxb5 37. Rh4 Qd7 38. c4 h5 39. Qg5 Ng4 40. Rxh5+ gxh5 41. Qxh5+ 1-0

[Event "Late-Titled-Tuesday-Blitz-December-26-2023"]
[Site "Chess.com"]
[Date "2023.12.26"]
[Round "8"]
[White "Onthequiet"]
[Black "Nick12772"]
[Result "1-0"]
[WhiteElo "2427"]
[BlackElo "2303"]
[TimeControl "180+1"]
[EndTime "15:27:34 PST"]
[Termination "Onthequiet won by checkmate"]

1. d4 Nf6 2. Nf3 g6 3. Bg5 Bg7 4. Nbd2 d5 5. c3 O-O 6. e3 c6 7. Be2 Bg4 8. O-O Nbd7 9. b4 a6 10. h3 Bxf3 11. Bxf3 e5 12. a4 exd4 13. cxd4 h6 14.
Bh4 Qe7 15. Qb3 g5 16. Bg3 Ne8 17. Rac1 f5 18. Rfe1 Nef6 19. b5 axb5 20. axb5 Rac8 21. bxc6 bxc6 22. Qb7 Ne4 23. Bxe4 dxe4 24. Rxc6 Rxc6 25. Qxc6 Nf6 26. Be5 Qd7 27. Qxd7 Nxd7 28. Bxg7 Kxg7 29. Rc1 Kf6 30. Rc6+ Kg7 31. Rc7 Rf7 32. g4 fxg4 33. hxg4 Nf6 34. Rxf7+ Kxf7 35. Kg2 Ke6 36. f3 exf3+ 37.
Kxf3 Kd5 38. Nb3 Ne4 39. Nc1 Nd2+ 40. Ke2 Nc4 41. Nd3 Ke4 42. Nf2+ Kd5 43. Kd3 Nb2+ 44. Ke2 Nc4 45. Nd1 Nd6 46. Kd3 Ne4 47. Nc3+ Nxc3 48. Kxc3 Ke4 49. Kd2 h5 50. gxh5 g4 51. Ke2 Kf5 52.
Kf2 Kg5 53. d5 Kxh5 54. d6 Kg6 55. d7 Kf5 56. d8=Q Ke4 57. Qd4+ Kf5 58. Kg3 Kg6 59. Qxg4+ Kh7 60. Kf4 Kh8 61. Kf5 Kh7 62. Kf6 Kh8 63. Qg7# 1-0

[Event "Late-Titled-Tuesday-Blitz-December-26-2023"]
[Site "Chess.com"]
[Date "2023.12.26"]
[Round "8"]
[White "The_Straightforward_Rook"]
[Black "GMJustin"]
[Result "0-1"]
[WhiteElo "2404"]
[BlackElo "2243"]
[TimeControl "180+1"]
[EndTime "15:27:34 PST"]
[Termination "GMJustin won by checkmate"]

1. e4 c5 2. c3 e6 3. d4 d5 4.
e5 Nc6 5. Nf3 Bd7 6. Be2 cxd4 7.
cxd4 Nge7 8. Na3 Nf5 9. Nc2 Nb4 10. Nxb4 Bxb4+ 11. Bd2 Qb6 12. O-O Nxd4 13. Ng5 Bxd2 14. Qxd2 h6 15. Nh3 Nxe2+ 16. Qxe2 Bb5 17. Qg4 Bxf1 18.
Qxg7 O-O-O 19. Rxf1 d4 20. Qxf7 d3 21. Nf4 d2 22. Rd1 Rd7 23. Qf6 Re8 24. Qxh6 Qxb2 25. h4 Qxe5 26. g3 Qe1+ 27. Rxe1 dxe1=Q+ 28. Kg2 Qe4+ 29. Kh2 e5 30. Qh5 Rf8 31. Nh3 Qf5 32. Qe2 Kb8 33. h5 Rdf7 34. h6 Qxf2+ 35. Nxf2 Rxf2+ 36. Qxf2 Rxf2+ 37. Kh3 Rf6 38. g4 Rxh6+ 39. Kg3 Rg6 40. Kf3 Kc7 41. Kg3 Kd6 42. Kf3 Kd5 43. Kg3 e4 44. Kf2 Ke5 45. Kg3 e3 46. Kf3 Kd4 47.
Kf4 e2 48. g5 e1=Q 49. Kf5 Qe4# 0-1

[Event "Late-Titled-Tuesday-Blitz-December-26-2023"]
[Site "Chess.com"]
[Date "2023.12.26"]
[Round "8"]
[White "baag"]
[Black "HalfIsCrayfish"]
[Result "1-0"]
[WhiteElo "2846"]
[BlackElo "2618"]
[TimeControl "180+1"]
[EndTime "15:27:37 PST"]
[Termination "baag won by resignation"]

1. d4 Nf6 2. c4 g6 3. g3 Bg7 4. Bg2 d5 5. cxd5 Nxd5 6. Nf3 O-O 7. O-O c5 8. e4 Nf6 9. e5 Nd5 10. dxc5 Na6 11. Qe2 Nxc5 12. Rd1 e6 13. Nbd2 b6 14.
Nc4 Ba6 15. Bg5 Qc7 16. Rac1 h6 17. Bd2 Rac8 18. Nd4 Nd7 19. b3 Nxe5 20. Qe4 Nxc4 21. bxc4 Bxc4 22. Nxe6 fxe6 23. Qxe6+ Kh7 24. Bxd5 Qc5 25.
Be3 Bxd5 26. Rxd5 Qxc1+ 27. Bxc1 Rxc1+ 28. Kg2 Rc2 29. Qe3 Rf7 30. Rd2 Rc5 31. h4 Re5 32.
Qd3 Ref5 33. Re2 h5 34. a4 Bf8 35. f4 Bc5 36. Re8 R5f6 37. Qc3 Kg7 38. Re6 a5 39.
Kf3 Bf8 40. Rxb6 Bb4 41. Qe5 Ba3 42. Rxf6 Rxf6 43. Qxa5 Rf7 44. Qc3+ 1-0